 Dungeon Crawl Stone Soup version 0.21-a0-426-g98080a9 (webtiles) character file.

3811 nikopol the Thaumaturge (level 9, -20/47 HPs)
             Began as a Deep Elf Fire Elementalist on Nov 6, 2017.
             Was an Elder of Sif Muna.
             Demolished by a two-headed ogre
             ... wielding a +0 giant spiked club
              (23 damage)
             ... on level 9 of the Dungeon.
             The game lasted 00:36:27 (9205 turns).

nikopol the Thaumaturge (DEFE)                      Turns: 9205, Time: 00:36:28

Health: -20/47     AC:  4    Str:  5    XL:     9   Next: 96%
Magic:  17/26      EV: 14    Int: 24    God:    Sif Muna [****..]
Gold:   389        SH:  0    Dex: 15    Spells: 20/31 levels left

rFire    + . .     SeeInvis .   C - +0 long sword (drain)
rCold    + . .     Gourm    .   (no shield)
rNeg     . . .     Faith    .   I - +0 robe {rF+}
rPois    .         Spirit   .   (no helmet)
rElec    .         Reflect  .   (no cloak)
rCorr    +         Harm     .   E - +0 pair of gloves
MR       .....                  u - +0 pair of boots
Stlth    +++.......             (no amulet)
HPRegen  0.15/turn              q - ring of resist corrosion
MPRegen  0.20/turn              v - ring of protection from cold

@: no status effects
A: no striking features
a: Divine Energy, Channel Magic, Forget Spell, Renounce Religion


You were on level 9 of the Dungeon.
You worshipped Sif Muna.
Sif Muna was greatly pleased with you.
You were hungry.

You visited 2 branches of the dungeon, and saw 10 of its levels.

You collected 389 gold pieces.

Inventory:

Hand Weapons
 d - a +0 dagger
 k - a -1 short sword
 C - a +0 long sword of draining (weapon)
 H - a +0 dagger of draining
 M - a +0 short sword of speed
Armour
 a - a +0 robe
 p - a +0 robe
 u - a +0 pair of boots (worn)
 E - a +0 pair of gloves (worn)
 I - a +0 robe of fire resistance (worn)
Jewellery
 q - a ring of resist corrosion (left hand)
 v - a ring of protection from cold (right hand)
Wands
 w - a wand of acid (9/15)
 K - a wand of digging (14/24)
Scrolls
 e - 6 scrolls of teleportation
 i - a scroll of immolation {unknown}
 l - a scroll of identify
 n - 7 scrolls of remove curse
 r - 2 scrolls of enchant armour {unknown}
 t - 2 scrolls of fear {unknown}
 y - 3 scrolls of fog {unknown}
 A - a scroll of blinking {unknown}
 F - a scroll of vulnerability {unknown}
Potions
 j - a potion of ambrosia {unknown}
 m - 2 potions of heal wounds
 o - 4 potions of curing
 s - 2 potions of degeneration
 x - a potion of cancellation {unknown}
 z - 2 potions of resistance
 B - a potion of berserk rage {unknown}
 D - a potion of mutation {unknown}
 G - a potion of lignification {unknown}
Books
 b - a book of Flames

   Spells                             Type                      Level
   a - Flame Tongue                   Conjuration/Fire             1
   b - Throw Flame                    Conjuration/Fire             2
   c - Conjure Flame                  Conjuration/Fire             3
   d - Inner Flame                    Hexes/Fire                   3
   e - Sticky Flame                   Conjuration/Fire             4
   f - Fireball                       Conjuration/Fire             5
 N - a book of Cantrips

   Spells                             Type                      Level
   a - Confusing Touch                Hexes                        1
   b - Animate Skeleton               Necromancy                   1
   c - Summon Small Mammal            Summoning                    1
   d - Apportation                    Translocation                1
Comestibles
 c - 5 bread rations
 f - 2 royal jellies
 h - 2 meat rations


   Skills:
 + Level 1.0 Fighting
 + Level 3.8 Dodging
 + Level 4.4 Stealth
 + Level 11.8 Spellcasting
 + Level 8.2 Conjurations
 + Level 8.6 Fire Magic


You had 20 spell levels left.
You knew the following spells:

 Your Spells              Type           Power        Failure   Level  Hunger
a - Flame Tongue          Conj/Fire      #####        1%          1    None
b - Throw Flame           Conj/Fire      ######       1%          2    None
c - Conjure Flame         Conj/Fire      ######..     1%          3    None
d - Fireball              Conj/Fire      ######....   3%          5    ###....


Dungeon Overview and Level Annotations

Branches:
Dungeon (9/15)             Temple (1/1) D:7
   Lair: D:8-11         Orc: D:9-12

Altars:
Ashenzari
Dithmenos
Elyvilon
Fedhas
Gozag
Hepliaklqana
Nemelex Xobeh
Ru
Sif Muna
Trog
Uskayaw
Vehumet
Wu Jian
Xom
Yredelemnul
Zin

Shops:
D:4 *   D:8 *


Message History

The flame tongue misses the two-headed ogre.
Casting: Flame Tongue
Confirm with . or Enter, or press ? or * to list all spells.
Aiming: Flame Tongue
Press: ? - help, Shift-Dir - straight line, f/p - two-headed ogre
Aim: a two-headed ogre, wielding a giant spiked club and a giant club (flame, lightly wounded)
The flame tongue hits the two-headed ogre.
The two-headed ogre is moderately wounded.
The two-headed ogre is engulfed in blazing flames.
The two-headed ogre hits you with a giant spiked club!!
The two-headed ogre hits you with a giant club!
* * * LOW HITPOINT WARNING * * *
A six-headed hydra comes into view.
The six-headed hydra roars!
You hear a shout!
The two-headed ogre is engulfed in blazing flames.
There is a stone staircase leading up here.
The two-headed ogre barely misses you.
The two-headed ogre hits you with a giant club!!
You die...

*,* **************,*
*,***********,,,,,,*,*
*,,,,,,,,,,,,,*###,*,*
*,,#########,,...*,*,*
*,,#.......,,..,,*,*,*
*,,#.###..##.##..#,*,**
*,,#.....D..<.....,,,,*
#..##...O###....T.*,,,*
#......@..s..T....,,,,*
#.###.######......*,,,*
*,*..,,,,,,,,,....*,,,*
*,##*******,,,,,..*****
*,,,,,,,,,,,,,,,,.*
*******************


You could see a six-headed hydra, a two-headed ogre, a troll and a scorpion.

Vanquished Creatures
  The ghost of Mitsuki the Skirmisher, a novice HOFi of Okawaru (D:4)
  2 hungry ghosts (D:8)
  Grum (D:8)
  Duvessa (D:7)
  2 orc warriors (D:7)
  2 ice beasts
  A phantom (D:7)
  4 wolves (D:8)
  4 centaurs
  A big kobold (D:5)
  3 bullfrogs
  Dowan (D:7)
  2 scorpions
  8 wights
  A howler monkey (D:5)
  A quasit (D:8)
  A bullfrog skeleton (D:4)
  A bullfrog zombie (D:6)
  A centaur skeleton (D:5)
  6 orc priests
  A jelly (D:6)
  5 orc wizards
  3 hounds
  8 worker ants
  A worker ant zombie (D:5)
  4 gnolls (D:8)
  11 adders
  A shadow imp (D:8)
  4 worms
  A dart slug (D:4)
  8 leopard geckos
  33 orcs
  7 giant cockroaches
  13 goblins
  6 hobgoblins
  7 jackals
  3 quokkas
  9 bats
  4 frilled lizards
  A giant cockroach zombie (D:5)
  27 kobolds
  A quokka skeleton (D:5)
  2 quokka zombies
  5 rats
  2 plants (D:5)
211 creatures vanquished.

Notes
Turn   | Place    | Note
-------+----------+-------------------------------------------
     0 | D:1      | nikopol the Deep Elf Fire Elementalist began the quest for the Orb.
     0 | D:1      | Reached XP level 1. HP: 10/10 MP: 6/6
   289 | D:1      | Reached XP level 2. HP: 15/15 MP: 5/8
   890 | D:1      | Learned a level 2 spell: Throw Flame
  1037 | D:2      | Reached XP level 3. HP: 19/19 MP: 8/10
  1042 | D:2      | Learned a level 3 spell: Conjure Flame
  1633 | D:2      | Reached skill level 4 in Spellcasting
  1657 | D:3      | Reached XP level 4. HP: 19/24 MP: 8/12
  1735 | D:3      | Noticed a centaur
  1745 | D:3      | Killed a centaur
  1745 | D:3      | Reached XP level 5. HP: 16/28 MP: 7/14
  1915 | D:3      | Reached skill level 5 in Spellcasting
  2566 | D:3      | Learned a level 5 spell: Fireball
  2725 | D:4      | Reached XP level 6. HP: 23/32 MP: 8/16
  2964 | D:4      | Noticed Mitsuki's ghost (novice HOFi)
  2997 | D:4      | Killed Mitsuki's ghost
  2997 | D:4      | Reached skill level 6 in Spellcasting
  2997 | D:4      | Reached skill level 5 in Fire Magic
  2997 | D:4      | Reached XP level 7. HP: 36/36 MP: 0/19
  3157 | D:4      | You fall through a shaft for 3 floors!
  3157 | D:7      | Found a staircase to the Ecumenical Temple.
  3163 | Temple   | Entered the Ecumenical Temple
  3176 | Temple   | Became a worshipper of Sif Muna the Loreminder
  3248 | D:5      | Entered Level 5 of the Dungeon
  3369 | D:5      | Reached skill level 7 in Spellcasting
  3632 | D:4      | Found a shadowy altar of Dithmenos.
  3916 | D:4      | Found Tofuku's Assorted Antiques.
  4175 | D:5      | Found a shimmering altar of Xom.
  4351 | D:5      | Reached skill level 8 in Spellcasting
  4364 | D:5      | Reached * piety under Sif Muna
  4379 | D:5      | Reached skill level 5 in Conjurations
  4436 | D:5      | Reached XP level 8. HP: 36/42 MP: 13/22
  4905 | D:5      | You fall through a shaft for 3 floors!
  5855 | D:6      | Reached ** piety under Sif Muna
  5861 | D:6      | Reached skill level 9 in Spellcasting
  6245 | D:6      | Found a basalt altar of Yredelemnul.
  6278 | D:6      | Reached skill level 10 in Spellcasting
  6447 | D:6      | Found a bloodstained altar of Trog.
  6656 | D:7      | Reached XP level 9. HP: 46/46 MP: 8/25
  6956 | D:7      | Reached *** piety under Sif Muna
  7140 | D:7      | Noticed Duvessa
  7165 | D:7      | Killed Duvessa
  7166 | D:7      | Noticed Dowan
  7195 | D:7      | Killed Dowan
  7697 | D:7      | Found an opulent altar of Gozag.
  7697 | D:7      | Found a shattered altar of Ashenzari.
  7698 | D:7      | Found an ornate altar of the Wu Jian Council.
  7946 | D:8      | Noticed a hand axe
  7947 | D:8      | Noticed a hand axe
  7949 | D:8      | Found a hide-covered altar of Uskayaw.
  8102 | D:8      | Noticed Grum
  8109 | D:8      | Reached skill level 11 in Spellcasting
  8122 | D:8      | Killed Grum
  8282 | D:8      | Reached skill level 1 in Fighting
  8307 | D:8      | Reached **** piety under Sif Muna
  8670 | D:8      | Found Diofyxuts's General Store.
  9197 | D:9      | Noticed a troll
  9198 | D:9      | Noticed a two-headed ogre
  9201 | D:9      | Noticed a six-headed hydra
  9205 | D:9      | Demolished by a two-headed ogre

Vault maps used:
D:1:      minmay_arrival_solitary_statue
D:2:      grunt_decor_fettered
D:4:      nicolae_dithmenos_the_darkroom, first_bread, serial_shops,
          nicolae_shop_overgrown_old_shop, minmay_misc_feat_chi
D:5:      kennysheep_kobold_camp, basic_altar
D:6:      lemuel_doored_altar, bloody_trog
D:7:      gammafunk_temple_overflow_claw, minmay_temple_entry_purple_smoke,
          uniq_duvessa
D:8:      dancing_weapons_uskayaw, serial_shops, shop, grunt_ministairs_10,
          uniq_grum
D:9:      enter_bailey_2
Temple:   eino_temple_scatter_basement

Skill      XL: |  1  2  3  4  5  6  7  8  9 |
---------------+----------------------------+-----
Stealth        | 3 4 |  4.4
Spellcasting   | 4 5 6 8 10 11 | 11.8
Conjurations   | 2 3 4 5 6 8 |  8.2
Dodging        | 3 |  3.8
Fire Magic     | 4 5 6 7 8 |  8.6
Fighting       | 1 |  1.0

Action                   |  1- 3 |  4- 6 |  7- 9 || total
-------------------------+-------+-------+-------++-------
Melee: Short sword       |       |       |   127 ||   127
 Cast: Flame Tongue      |    77 |    88 |   390 ||   555
       Conjure Flame     |       |     2 |    15 ||    17
       Throw Flame       |       |       |    20 ||    20
       Fireball          |       |       |     4 ||     4
  Use: Scroll            |       |       |     8 ||     8
  Eat: Chunk             |     2 |     4 |    19 ||    25
Armor: Robe              |     4 |     4 |    21 ||    29
Dodge: Dodged            |    20 |    20 |    87 ||   127
       Rpst.: Long sword |       |       |     3 ||     3

Table legend:
 A = Spawn XP
 B = Non-spawn XP
 C = Spawn XP percentage of total XP
 D = Spawn monster count
 E = Non-spawn monster count
 F = Spawn count percentage of total count
 G = Total turns spent on level
                    A         B        C        D         E        F      G
               +---------+---------+-------+---------+---------+-------+---------
         Total |       0 |    5445 |   0.0 |       0 |     209 |   0.0 |  9205
               +---------+---------+-------+---------+---------+-------+---------
           D:1 |       0 |      33 |   0.0 |       0 |      18 |   0.0 |   916
           D:2 |       0 |      59 |   0.0 |       0 |      19 |   0.0 |   735
           D:3 |       0 |     259 |   0.0 |       0 |      26 |   0.0 |  1049
           D:4 |       0 |     595 |   0.0 |       0 |      19 |   0.0 |  1056
           D:5 |       0 |     707 |   0.0 |       0 |      44 |   0.0 |  1629
           D:6 |       0 |     817 |   0.0 |       0 |      21 |   0.0 |   966
           D:7 |       0 |    1038 |   0.0 |       0 |      21 |   0.0 |  1411
           D:8 |       0 |    1807 |   0.0 |       0 |      39 |   0.0 |  1367
           D:9 |       0 |     130 |   0.0 |       0 |       2 |   0.0 |    20
               +---------+---------+-------+---------+---------+-------+---------
